 Dungeon Crawl Stone Soup version 0.28-a0-589-g333b8329f1 (webtiles) character file.

Game seed: 12470924130189749550

9 freelancePsychic the Magician (level 2, 0/22 HPs)
             Began as a Djinni Earth Elementalist on Oct 3, 2021.
             Slain by an iguana (6 damage)
             ... on level 2 of the Dungeon.
             The game lasted 00:01:49 (932 turns).

freelancePsychic the Magician (DjEE)                 Turns: 932, Time: 00:01:50

Health: 0/22       AC:  2    Str:  7    XL:     2   Next: 20%
Gold:   16         EV: 12    Int: 16    God:
                   SH:  0    Dex: 13

rFire   + + .      SeeInvis .   g - +0 dagger (venom)
rCold   x . .      Faith    .   (no shield)
rNeg    . . .      Spirit   .   b - +0 robe
rPois   ∞          Reflect  .   (no helmet)
rElec   .          Harm     .   (no cloak)
rCorr   .          Rampage  .   (no gloves)
Will    .....                   (boots unavailable)
Stlth   ++........              (no amulet)
HPRegen 0.07/turn               (no ring)
MPRegen 0.00/turn               (no ring)

@: flying
A: sickness immunity, fire resistance 2, cold vulnerability 1, float, innate
caster, hp casting, extra vitality 1
a: no special abilities


You were on level 2 of the Dungeon.
You visited 1 branch of the dungeon, and saw 2 of its levels.

You collected 16 gold pieces.

Inventory:

Hand Weapons
 g - a +0 dagger of venom (weapon)
Missiles
 c - 39 stones
Armour
 b - a +0 robe (worn)
Scrolls
 d - a scroll of amnesia
 i - a scroll of enchant armour {unknown}
Potions
 a - a potion of magic {unknown}
 e - a potion of haste {unknown}
 f - a potion of mutation {unknown}
 j - 2 potions of curing {unknown}


   Skills:
 + Level 0.8 Fighting
 - Level 2.1 Dodging
 - Level 1.5 Stealth
 * Level 2.7 Spellcasting


You couldn't memorise any spells.
You knew the following spells:

 Your Spells              Type           Power      Damage    Failure   Level
a - Sandblast             Erth           20%        2d7       6%          1
b - Passwall              Tmut/Erth      8%         N/A       10%         2
c - Stone Arrow           Conj/Erth      20%        3d8       19%         3
d - Petrify               Tmut/Erth      10%        N/A       52%         4
Your spell library was empty.

Dungeon Overview and Level Annotations

Branches:
Dungeon (2/15)

Altars:

Shops:
D:1 :*?


Innate Abilities, Weirdness & Mutations

You are immune to sickness and miasma.
You are immune to poison.
Your flesh is very heat resistant. (rF++)
You are vulnerable to cold. (rC-)
You float through the air rather than walking.
You learn spells naturally, not from books.
Your magical power is your life essence.
You have superior vitality. (+4 HP)


Message History

The blast of sand hits the hobgoblin but does no damage.
The hobgoblin is heavily wounded.
The blast of sand hits the hobgoblin.
You kill the hobgoblin!
A hobgoblin comes into view.
You can't see any susceptible monsters within range! (Use Z to cast anyway.)
The hobgoblin shouts!
The blast of sand hits the iguana.
The iguana is lightly wounded.
The blast of sand hits the iguana but does no damage.
The iguana is lightly wounded.
The iguana completely misses you.
A goblin comes into view. It is wielding a +0 dagger.
The blast of sand hits the iguana but does no damage.
The iguana is lightly wounded.
The goblin shouts!
The iguana closely misses you.
Casting: Sandblast (safe; 6% risk of failure)
Confirm with . or Enter, or press ? or * to list all spells.
Aiming: Sandblast (safe; 6% risk of failure)
Press: ? - help, Shift-Dir - straight line, f/p - iguana
Aim: an iguana (lightly wounded, 82% to hit)
The blast of sand hits the iguana.
The iguana is moderately wounded.
The iguana bites you!
As you read the scroll labelled HUHOTHR YROCE, it crumbles to dust.
It is a scroll of identify.
d - a scroll of amnesia The iguana bites you but does no damage.
Casting: Sandblast (safe; 6% risk of failure)
Confirm with . or Enter, or press ? or * to list all spells.
Okay, then.
Casting: Sandblast (safe; 6% risk of failure)
Confirm with . or Enter, or press ? or * to list all spells.
Aiming: Passwall (safe; 10% risk of failure)
Press: ? - help, Dir - move target A rock wall.
* * * LOW HITPOINT WARNING * * *
The iguana bites you.
You die...

#.##### #.....######.##
......(........ .......
##.....#####.#. .......
.......#####.#.. #........
#####..#.....#.## #........ .
#..#......... #........
.#####.#....##.########........
................@lg.g..........
.##.........#...######.........
............#........#.........
........#...#...####.#.........
...............## #.........
........#...##.# #...###...
..†...#.....##.# ....# #.
..#.....#.###..[ ......
.....#.....##.... #.......


You could see an iguana, a hobgoblin and a goblin.

Vanquished Creatures
  An endoplasm (D:1)
  A giant cockroach (D:2)
  2 hobgoblins
  A ball python (D:1)
  2 kobolds (D:1)
  2 rats (D:1)
9 creatures vanquished.

Notes
Turn   | Place    | Note
-------+----------+-------------------------------------------
     0 | D:1      | freelancePsychic the Djinni Earth Elementalist began the
                  | quest for the Orb.
     0 | D:1      | Reached XP level 1. HP: 15/15 MP: 0/0
    29 | D:1      | Found Gipliych's Assorted Antiques.
    30 | D:1      | Found Ituju's Book Emporium.
    92 | D:1      | Found Sit Raoc's Magic Scroll Boutique.
   361 | D:1      | Found a faded altar of an unknown god.
   644 | D:1      | Reached XP level 2. HP: 20/22 MP: 0/0
   932 | D:2      | Slain by an iguana

Illustrated notes

Levels and vault maps discovered:
D:1:      dpeg_arrival_round_b, layout_basic, serial_shops,
          nicolae_diamond_shop, shop, nicolae_shop_behind_doors,
          dreamdust_ecumenical_altar_statues
D:2:      layout_basic, serial_bayou_pond_d, minmay_misc_feat_five, minivault_25

Action                   || total
-------------------------++-------
Melee: Dagger            ||     5
 Cast: Sandblast         ||    17
       Passwall          ||     1
  Use: Scroll            ||     1
Armor: Robe              ||     1
Dodge: Dodged            ||     7

Table legend: (Time is in decaauts)
 A = Elapsed time spent in this place.
 B = Non-inter-level travel time spent in this place.
 C = Inter-level travel time spent in this place.
 D = Time resting spent in this place.
 E = Time spent auto-exploring this place.
 F = Levels seen in this place.
 G = Mean time per level.
                   A        B        C        D        E       F      G
               +--------+--------+--------+--------+--------+-----+--------+
         Total |    931 |    902 |     29 |      0 |    803 |   2 |  465.5 |
       Dungeon |    931 |    902 |     29 |      0 |    803 |   2 |  465.5 |
               +--------+--------+--------+--------+--------+-----+--------+

Top non-repeatable levels by time:
     D:1: 807 daAuts
     D:2: 123 daAuts
